 Dungeon Crawl Stone Soup version 0.26-a0-720-g2a1d101370 (webtiles) character file.

Game seed: 6923424690214767765

40503 lunkers the Unseen (level 14, -12/94 HPs)
             Began as a Kobold Delver on Oct 30, 2020.
             Was a Follower of Uskayaw.
             Killed from afar by a manticore (14 damage)
             ... with a volley of spikes
             ... on level 6 of the Lair of Beasts on Nov 2, 2020.
             The game lasted 00:42:08 (19774 turns).

lunkers the Unseen (Kobold Delver)                 Turns: 19774, Time: 00:42:09

Health: -12/94     AC:  4    Str:  8    XL:     14   Next: 45%
Magic:  0/21       EV: 27    Int: 12    God:    Uskayaw [*.....]
Gold:   1559       SH:  0    Dex: 21    Spells: 13/13 levels left

rFire    . . .     SeeInvis +   b - +2 demon blade (elec)
rCold    + . .     Faith    .   (shield restricted)
rNeg     + . .     Spirit   +   K - +0 troll leather armour
rPois    +         Reflect  .   P - +1 helmet "Yradgh" {rC+}
rElec    +         Harm     .   z - +2 ratskin cloak {*Rats rPois rN+ Str-1 Int-1 Dex+1}
rCorr    .         Rampage  .   (no gloves)
MR       ++...                  B - +2 pair of boots
Stlth    ++++......             y - amulet of guardian spirit
HPRegen  0.65/turn              D - ring of Icasymua {*Corrode +Blink rElec Slay+2 SInv}
MPRegen  0.17/turn              n - ring of protection from magic

@: lethally poisoned (-12 -> -13), barbed spikes, corroded, very slow
A: small, nightstalker 3
a: Stomp, Renounce Religion, Evoke Blink


You were on level 6 of the Lair of Beasts.
You worshipped Uskayaw.
Uskayaw was aware of your devotion.
You visited 3 branches of the dungeon, and saw 18 of its levels.
You also visited: Gauntlet.

You collected 1559 gold pieces.

Inventory:

Hand Weapons
 a - the +5 short sword of True Grit {vamp, rPois rF+ rC+ Str-4}
   (You found it on level 9 of the Dungeon)

   It inflicts no extra harm, but heals its wielder when it wounds a living foe.
   It affects your strength (-4).
   It protects you from fire.
   It protects you from cold.
   It protects you from poison.
 b - a +2 demon blade of electrocution (weapon)
 o - a +2 antimagic morningstar
Armour
 r - a +0 pair of boots of running
 z - the +2 ratskin cloak (worn) {*Rats rPois rN+ Str-1 Int-1 Dex+1}
   (You found it on level 6 of the Dungeon)

   It affects your strength (-1).
   It affects your intelligence (-1).
   It affects your dexterity (+1).
   It protects you from poison.
   It protects you from negative energy.
 B - a +2 pair of boots (worn)
 K - a +0 troll leather armour (worn)
 P - the +1 helmet "Yradgh" (worn) {rC+}
   (You found it in a Gauntlet)

   It protects you from cold.
Jewellery
 l - an uncursed amulet of faith {unknown}
 n - a ring of protection from magic (right hand)
 y - an amulet of guardian spirit (around neck)
 D - the ring of Icasymua (left hand) {*Corrode +Blink rElec Slay+2 SInv}
   (You found it on level 9 of the Dungeon)

   [ring of see invisible]

   It affects your accuracy and damage with ranged weapons and melee attacks
   (+2).
   It insulates you from electricity.
   It lets you see invisible.
   It lets you blink.
   It may corrode you when you take damage.
 G - an uncursed ring of protection from fire
 S - a +6 ring of dexterity
Wands
 g - a wand of digging (3)
 k - a wand of flame (14)
 J - a wand of iceblast (34)
 M - a wand of disintegration (30)
 Q - a wand of random effects (41)
Scrolls
 c - a scroll of fog
 d - 5 scrolls of magic mapping
 e - 4 scrolls of fear
 h - 3 scrolls of blinking
 i - 5 scrolls of enchant armour
 p - a scroll of brand weapon
 s - 5 scrolls of amnesia
 u - 12 scrolls of remove curse
 E - 2 scrolls of summoning
 H - 2 scrolls of vulnerability
 N - a scroll of identify
 O - 2 scrolls of teleportation
Potions
 f - 5 potions of haste
 j - 2 potions of brilliance
 m - 10 potions of ambrosia
 q - 10 potions of curing
 t - 3 potions of flight
 v - 4 potions of resistance
 w - 2 potions of magic
 x - 2 potions of lignification
 A - 2 potions of invisibility
 F - a potion of cancellation
 I - 3 potions of mutation
 L - 2 potions of heal wounds
Miscellaneous
 R - a lightning rod (1/4)
 U - a condenser vane (2/2)


   Skills:
 - Level 13.2 Fighting
 - Level 10.0(11.0) Short Blades
 * Level 4.9(6.4) Long Blades
 - Level 14.0 Dodging
 - Level 15.0 Stealth
 - Level 9.4 Invocations
 - Level 7.0 Evocations


You had 13 spell levels left.
You didn't know any spells.
Your spell library contained the following spells:

 Spells                   Type           Power        Failure   Level
 Freeze                   Ice            #...         43%         1
 Frozen Ramparts          Ice            #.....       82%         3
 Ozocubu's Armour         Ice            #.......     82%         3
 Animate Dead             Necr           #.........   99%         4
 Cause Fear               Hex            #.........   99%         4
 Hailstorm                Conj/Ice       #.......     99%         4
 Summon Ice Beast         Ice/Summ       #.......     99%         4
 Borgnjor's Vile Clutch   Necr/Erth      #.........   100%        5
 Silence                  Hex/Air        #.........   100%        5
 Yara's Violent Unravell  Hex/Tmut       #.........   100%        5
 Death Channel            Necr           #.........   100%        6
 Simulacrum               Ice/Necr       #.........   100%        6
 Discord                  Hex            #.........   100%        8


Dungeon Overview and Level Annotations

Branches:
Dungeon (11/15)            Temple (1/1) D:7            Lair (6/6) D:10
  Swamp (0/4) Lair:2       Spider (0/4) Lair:4          Orc (0/2) D:10
Gauntlet (visited)
  Slime: Lair:5-6

Altars:
Ashenzari
Cheibriados
Dithmenos
Elyvilon
Fedhas
Gozag
Hepliaklqana
Kikubaaqudgha
Makhleb
Nemelex Xobeh
Okawaru
Qazlal
Ru
Sif Muna
Trog
Uskayaw
Vehumet
Wu Jian
Xom
Yredelemnul
Zin
The Shining One

Shops:
D:11 :

Portals:
Abyss: Lair:2

Annotations:
Lair:1 exclusion: 3 oklob plants
Lair:2 2 transporters, ArcanElement's ghost, journeyman DEWz


Innate Abilities, Weirdness & Mutations

You are small and have problems with some larger weapons.
You are completely attuned to the shadows.


Message History

You can no longer pass through a line of other dancers.
You feel sick.
You feel sick.
You feel sick.
You see here a helmet.
You enter the shallow water.
Moving in this stuff is going to be slow.
You feel sick.
You enter the shallow water.
Moving in this stuff is going to be slow.
The manticore flicks its tail.
The volley of spikes hits you!
The barbed spikes become lodged in your body.
* * * LOW MAGIC WARNING * * *
* * * LOW HITPOINT WARNING * * *
The manticore flicks its tail.
The volley of spikes hits you!
The barbed spikes become lodged in your body.
* * * LOW MAGIC WARNING * * *
You die...

#≈≈≈≈..P#
#≈≈≈≈...##
#≈≈##≈...#
#≈≈##≈..##
##≈≈≈≈≈...#
≈H≈≈≈†.[.##
≈..≈≈#.≈...#
≈.#≈≈....###
.P≈..@....#
#≈≈.<....##
#.≈.....##
.........#
..........
#........


You could see a manticore.

Vanquished Creatures
  A minotaur (Gauntlet)
  4 hydras
  Erica (D:11)
  A merfolk avatar (Lair:6)
  2 two-headed ogres
  10 death yaks
  Nergalle (D:11)
  2 elephants (Lair:6)
  2 manticores (Lair:6)
  A centaur zombie (D:11)
  A black mamba (Lair:4)
  Psyche (D:11)
  An ice statue (Gauntlet)
  7 cane toads
  7 rime drakes
  8 komodo dragons
  A jumping spider (Lair:4)
  A queen bee (D:11)
  A polar bear (Lair:6)
  2 hornets
  A troll (D:7)
  2 bog bodies (Lair:2)
  5 blink frogs
  35 yaks
  5 flying skulls (Gauntlet)
  A wyvern (Lair:6)
  A steam dragon (Lair:3)
  5 small abominations (Gauntlet)
  3 large abominations (Gauntlet)
  2 basilisks
  An acid dragon (D:11)
  9 water moccasins
  A swamp drake (D:10)
  2 phantoms
  2 orc warriors
  An eye of draining (D:11)
  4 ice beasts
  3 sky beasts
  2 necrophages (D:11)
  9 wolves
  7 ogres
  2 centaurs
  3 big kobolds
  19 bullfrogs
  4 scorpions
  A water moccasin skeleton (D:5)
  22 killer bees (D:11)
  10 wights (D:10)
  An electric eel (Lair:5)
  A howler monkey (D:5)
  3 bullfrog zombies
  2 quasits
  3 centaur skeletons
  7 orc priests
  7 hounds
  A jelly (D:9)
  A bullfrog skeleton (D:4)
  A gnoll shaman (D:9)
  2 iguanas
  4 hell rats (Lair:3)
  10 orc wizards
  9 worker ants
  A hound skeleton (D:7)
  2 worker ant zombies
  11 adders
  A river rat (D:10)
  A shadow imp (D:6)
  4 white imps
  An ufetubus (D:7)
  2 adder zombies
  3 oozes
  2 adder skeletons (D:9)
  A worm (D:1)
  2 dart slugs
  A leopard gecko (D:5)
  34 orcs
  2 ball pythons
  7 bats
  7 giant cockroaches
  3 hobgoblins
  3 jackals (D:6)
  12 quokkas
  2 frilled lizards (D:2)
  A giant cockroach zombie (D:6)
  14 goblins
  28 kobolds
  12 rats
  A butterfly (Lair:5)
427 creatures vanquished.

Vanquished Creatures (collateral kills)
  A cane toad (D:6)
  A blink frog (Lair:1)
  A centaur (D:11)
  4 killer bees (D:11)
7 creatures vanquished.

Vanquished Creatures (others)
  17 fungi
  47 plants
64 creatures vanquished.

Grand Total: 498 creatures vanquished

Notes
Turn   | Place    | Note
-------+----------+-------------------------------------------
     0 | D:5      | lunkers the Kobold Delver began the quest for the Orb.
     0 | D:5      | Reached XP level 1. HP: 14/14 MP: 1/1
    18 | D:5      | Noticed an orc wizard
    79 | D:5      | Noticed a howler monkey
   261 | D:4      | Noticed a worker ant
   272 | D:4      | Killed a worker ant
   272 | D:4      | Reached skill level 7 in Stealth
   272 | D:4      | Reached XP level 2. HP: 3/19 MP: 2/2
   272 | D:4      | Reached XP level 3. HP: 4/23 MP: 3/3
   542 | D:4      | Found a blossoming altar of Fedhas.
   591 | D:4      | Found a sand-covered staircase.
   873 | D:1      | Reached XP level 4. HP: 13/28 MP: 4/4
  2026 | D:2      | Found a faded altar of an unknown god.
  2301 | D:2      | Found a sacrificial altar of Ru.
  2383 | D:2      | Reached skill level 8 in Stealth
  2383 | D:2      | Reached XP level 5. HP: 32/32 MP: 5/5
  2385 | D:2      | Found a snail-covered altar of Cheibriados.
  2399 | D:2      | Reached skill level 5 in Short Blades
  2473 | D:2      | Found a basalt altar of Yredelemnul.
  2487 | D:2      | Found a hazy altar of Hepliaklqana.
  2519 | D:2      | Found a bloodstained altar of Trog.
  2801 | D:3      | Found a broken altar of Ashenzari.
  2802 | D:3      | Saw a vision of the Swamp and the Spider Nest.
  2802 | D:3      | Noticed a swamp drake
  2802 | D:3      | Noticed a redback
  2804 | D:3      | Noticed a wolf spider
  2805 | D:3      | Noticed a redback
  2806 | D:3      | Noticed a redback
  2806 | D:3      | Noticed a redback
  2807 | D:3      | Noticed a wolf spider
  3324 | D:3      | Found a glowing golden altar of the Shining One.
  3768 | D:4      | Reached XP level 6. HP: 37/37 MP: 6/6
  4078 | D:3      | Found a shadowy altar of Dithmenos.
  4581 | D:4      | Reached skill level 9 in Stealth
  5040 | D:5      | Found a shimmering blue altar of Sif Muna.
  5296 | D:5      | Reached XP level 7. HP: 23/41 MP: 7/7
  5314 | D:5      | HP: 2/41 [water moccasin skeleton (6)]
  6068 | D:5      | Reached skill level 10 in Stealth
  6286 | D:5      | Found a burning altar of Makhleb.
  6594 | D:6      | Found the +2 ratskin cloak {*Rats rPois rN+ Str-1 Int-1
                  | Dex+1}
  6808 | D:6      | Reached XP level 8. HP: 46/46 MP: 8/8
  6815 | D:6      | Noticed a troll
  6837 | D:6      | Noticed a cane toad
  6837 | D:6      | a troll changed into a cane toad
  6848 | D:6      | Killed a cane toad
  6848 | D:6      | Reached skill level 11 in Stealth
  8089 | D:6      | Found a white marble altar of Elyvilon.
  8604 | D:7      | Found a sacrificial altar of Ru.
  8608 | D:7      | Reached skill level 10 in Short Blades
  8608 | D:7      | Reached skill level 12 in Stealth
  8608 | D:7      | Reached XP level 9. HP: 51/51 MP: 9/9
  8698 | D:7      | Noticed a troll
  8722 | D:7      | Killed a troll
  8871 | D:7      | Reached skill level 5 in Fighting
  8893 | D:7      | Found a staircase to the Ecumenical Temple.
  8920 | Temple   | Entered the Ecumenical Temple
  9239 | D:7      | Reached skill level 5 in Dodging
  9344 | D:7      | Found a shimmering altar of Xom.
  9543 | D:8      | Noticed a two-headed ogre
  9564 | D:8      | Killed a two-headed ogre
  9580 | D:8      | Reached XP level 10. HP: 41/61 MP: 6/10
 10063 | D:8      | Found an opulent altar of Gozag.
 10692 | D:9      | Got a faintly glowing flail
 10714 | D:9      | Found a glowing silver altar of Zin.
 11103 | D:9      | Got a slimy steel ring
 11129 | D:9      | Got a crystal short sword
 11130 | D:9      | Identified the +5 short sword of True Grit {vamp, rPois rF+
                  | rC+ Str-4} (You found it on level 9 of the Dungeon)
 11131 | D:9      | Identified the ring of Icasymua {*Corrode +Blink rElec
                  | Slay+2 SInv} (You found it on level 9 of the Dungeon)
 11256 | D:9      | Noticed a two-headed ogre
 11272 | D:9      | Killed a two-headed ogre
 11272 | D:9      | Reached skill level 13 in Stealth
 11419 | D:9      | Found a shimmering blue altar of Sif Muna.
 11610 | D:9      | Got a blackened scale mail
 11621 | D:9      | Identified the +1 scale mail of the Storm King {rCorr Str-4
                  | Dex+3 Stlth+} (You found it on level 9 of the Dungeon)
 11621 | D:9      | Lost strength.
 11666 | D:9      | Found a hide-covered altar of Uskayaw.
 11671 | D:9      | Reached XP level 11. HP: 71/71 MP: 11/11
 11673 | D:9      | Became a worshipper of Uskayaw the Reveler
 11685 | D:9      | Reached * piety under Uskayaw
 11786 | D:10     | Entered Level 10 of the Dungeon
 11974 | D:10     | Noticed a death yak
 11978 | D:10     | Found a staircase to the Lair.
 11980 | D:10     | Noticed a death yak
 11983 | D:10     | Noticed a death yak
 11990 | D:10     | Reached ** piety under Uskayaw
 12031 | D:10     | Reached *** piety under Uskayaw
 12032 | D:10     | Killed a death yak
 12033 | D:10     | Reached **** piety under Uskayaw
 12041 | D:10     | Reached ***** piety under Uskayaw
 12042 | D:10     | Killed a death yak
 12042 | D:10     | Reached skill level 10 in Dodging
 12051 | D:10     | Killed a death yak
 12051 | D:10     | Reached skill level 14 in Stealth
 12174 | D:10     | Reached skill level 10 in Fighting
 12235 | D:10     | Found a staircase to the Orcish Mines.
 12332 | D:10     | Reached skill level 1 in Evocations
 12363 | D:10     | Reached skill level 1 in Invocations
 12837 | D:10     | Identified the +7 flail "Ceotoux" {antimagic, Dex+6} (You
                  | found it on level 9 of the Dungeon)
 12928 | D:11     | Noticed Erica
 12948 | D:11     | Killed Erica
 13022 | D:11     | Reached XP level 12. HP: 78/78 MP: 14/14
 13160 | D:11     | Reached ****** piety under Uskayaw
 13178 | D:11     | Noticed Nergalle
 13182 | D:11     | Killed Nergalle
 13185 | D:11     | Noticed Psyche
 13188 | D:11     | Found Fyaq's Book Shoppe.
 13189 | D:11     | Killed Psyche
 13935 | Lair:1   | Entered Level 1 of the Lair of Beasts
 13970 | Lair:1   | Reached skill level 15 in Stealth
 14028 | Lair:1   | Reached skill level 5 in Evocations
 14181 | Lair:1   | Reached skill level 5 in Invocations
 14520 | Lair:1   | Found a bloodstained altar of Trog.
 14682 | Lair:1   | Noticed a seven-headed hydra
 14686 | Lair:1   | Killed a seven-headed hydra
 14975 | Lair:2   | Noticed a death yak
 14976 | Lair:2   | Noticed a death yak
 14976 | Lair:2   | Noticed a death yak
 14978 | Lair:2   | Noticed a death yak
 15012 | Lair:2   | Killed a death yak
 15012 | Lair:2   | Reached XP level 13. HP: 84/84 MP: 13/17
 15272 | Lair:2   | Noticed an eight-headed hydra
 15276 | Lair:2   | Killed an eight-headed hydra
 15327 | Lair:2   | Found a transporter.
 15614 | Lair:2   | Found a staircase to the Swamp.
 15698 | Lair:2   | Found a one-way gate to the infinite horrors of the Abyss.
 15698 | Lair:2   | Noticed ArcanElement's ghost (journeyman DEWz)
 15726 | Lair:2   | Noticed a rakshasa
 15888 | Lair:2   | Identified the +11 demon trident "Killer Bee's Doom"
                  | {distort, rElec Dex-2 Stlth+}
 15891 | Lair:2   | Found a transporter.
 15892 | Lair:2   | Noticed a great orb of eyes
 16498 | Lair:3   | Upgraded the game from 0.26-a0-710-g95a0c6c400 to
                  | 0.26-a0-720-g2a1d101370
 16588 | Lair:3   | Noticed a six-headed hydra
 16596 | Lair:3   | Killed a six-headed hydra
 17090 | Lair:4   | Found a gate leading to a gauntlet.
 17108 | Gauntlet | Entered a Gauntlet
 17108 | Gauntlet | Found a transporter.
 17131 | Gauntlet | Found a transporter.
 17139 | Gauntlet | Found a transporter.
 17145 | Gauntlet | Found a large runed translucent door.
 17147 | Gauntlet | Found a transporter.
 17149 | Gauntlet | Found a large runed translucent door.
 17153 | Gauntlet | Found a large runed translucent door.
 17153 | Gauntlet | Found a large runed translucent door.
 17154 | Gauntlet | Found a large runed translucent door.
 17154 | Gauntlet | Found a large runed translucent door.
 17154 | Gauntlet | Found a runed translucent door.
 17154 | Gauntlet | Found a runed translucent door.
 17157 | Gauntlet | Found a large runed translucent door.
 17158 | Gauntlet | Found a large runed translucent door.
 17159 | Gauntlet | Found a large runed translucent door.
 17159 | Gauntlet | Found a large runed translucent door.
 17168 | Gauntlet | Found a runed translucent gate.
 17168 | Gauntlet | Noticed a catoblepas
 17169 | Gauntlet | Found a transporter.
 17169 | Gauntlet | Found a runed translucent gate.
 17170 | Gauntlet | Found a runed translucent gate.
 17181 | Gauntlet | Found a transporter.
 17196 | Gauntlet | Noticed a dire elephant
 17201 | Gauntlet | Found a transporter.
 17212 | Gauntlet | Found a transporter.
 17245 | Gauntlet | Found a transporter.
 17265 | Gauntlet | Found a transporter.
 17276 | Gauntlet | Found a transporter.
 17309 | Gauntlet | Found a transporter.
 17331 | Gauntlet | Found a transporter.
 17344 | Gauntlet | Found a transporter.
 17346 | Gauntlet | Found a transporter.
 17377 | Gauntlet | Found a transporter.
 17537 | Gauntlet | Found a transporter.
 17589 | Gauntlet | Found a transporter.
 17609 | Gauntlet | Identified a +0 pair of boots of running (You found it in a
                  | Gauntlet)
 17734 | Gauntlet | Reached skill level 1 in Long Blades
 17756 | Gauntlet | Got a brightly glowing helmet
 17762 | Gauntlet | Identified the +1 helmet "Yradgh" {rC+} (You found it in a
                  | Gauntlet)
 17807 | Gauntlet | Noticed a minotaur
 17838 | Gauntlet | Killed a minotaur
 18080 | Lair:4   | Found a hole to the Spider Nest.
 18200 | Lair:4   | Reached XP level 14. HP: 92/92 MP: 20/20
 19621 | Lair:6   | Entered Level 6 of the Lair of Beasts
 19774 | Lair:6   | HP: 2/94 [manticore/volley of spikes (7)]
 19774 | Lair:6   | Killed from afar by a manticore

Illustrated notes

Levels and vault maps discovered:
D:1:      ncdulo_wetmaze, layout_basic, serial_aquarium,
          aquarium_bridge_long_separate [aquarium_subvault_bridge,
          aquarium_subvault_bridge, aquarium_subvault_window,
          aquarium_subvault_wall, aquarium_subvault_window,
          aquarium_subvault_bridge], aquarium_window_corner, aquarium_window_1,
          aquarium_window_fake, aquarium_view_2c, aquarium_view_2c,
          aquarium_balcony_3b, aquarium_pool_2, corexii_leaking_fountain,
          minmay_tetromino_l4
D:2:      layout_rooms, grunt_temple_overflow_open, lemuel_doored_altar,
          kennysheep_slug_shrine, chequers_ecumenical_altar_lobes,
          lemuel_tele_altar
D:3:      lemuel_upstairs_altar, layout_basic, lemuel_crystal_altar,
          grunt_ashenzari_visionary [grunt_ashenzari_visionary_swamp,
          grunt_ashenzari_visionary_spider]
D:4:      kennysheep_the_goblin_king, layout_loops_corners, lemuel_round_altar,
          enter_ossuary_2
D:5:      layout_loops_ring, kennysheep_mini_moat, lemuel_round_altar
D:6:      layout_loops_corners, elyvilon_altar_3
D:7:      layout_cave_pools, old_standard_altar, minmay_temple_entry_ruins,
          serial_column_ruins, column_ruins_hut, column_ruins_temple_circle,
          column_ruins_grid_1, column_ruins_open_tiny, column_ruins_open_small
D:8:      layout_basic, lemuel_round_altar, serial_glass, glass_columns_a,
          glass_columns_a, glass_columns_b, glass_columns_a, glass_columns_a,
          glass_columns_c
D:9:      layout_layer_cave, zin_statuary, eat_drink_and_be_merry_uskayaw,
          basic_altar, minmay_fractal_squares_5
D:10:     layout_basic, dpeg_lair_monsters, erik_orc_1
D:11:     layout_cave_pools, special_room [special_room_bee], serial_shops,
          nicolae_shop_window_shopping, uniq_erica, uniq_psyche, uniq_nergalle
Temple:   compressed_dpeg_triangle_lava_temple
Lair:1:   layout_concentric_octagons, lemuel_oklob_altar,
          minmay_lair_oklob_chamber, grunt_megastairs_4
Lair:2:   layout_chaotic_city, skrybe_swamp_entry_bodies,
          gammafunk_ghost_abyssal_escape, hangedman_lair_unloving_vines
Lair:3:   layout_hall_layers
Lair:4:   layout_misc_corridors, spider_nest_entry_rubble,
          gauntlet_entry_generic
Lair:5:   layout_regular_city, beast_lair_carwin_2, grunt_megastairs_5,
          lemuel_fruit_tree, lemuel_fruit_fields, infiniplex_staircase_pool,
          lemuel_fruit_fields
Lair:6:   gammafunk_lair_ancient_temple, layout_misc_corridors, slime_dummy,
          uniq_kirke

Skill      XL: |  1  2  3  4  5  6  7  8  9 10 11 12 13 14 |
---------------+-------------------------------------------+-----
Short Blades   | 3 4 5 6 8 10 | 10.0
Stealth        | 7 8 9 10 12 13 14 15 | 15.0
Fighting       | 6 9 10 11 12 13 | 13.2
Dodging        | 7 9 11 12 13 14 | 14.0
Evocations     | 3 6 7 |  7.0
Invocations    | 3 6 8 9 |  9.4
Long Blades    | 1 4 |  4.9

Action                   |  1- 3 |  4- 6 |  7- 9 | 10-12 | 13-15 || total
-------------------------+-------+-------+-------+-------+-------++-------
Melee: Short sword       |    39 |   164 |       |   733 |   356 ||  1292
       Dagger            |       |    59 |   321 |   318 |       ||   698
       Demon blade       |       |       |       |       |   147 ||   147
Invok: Stomp             |       |       |       |       |     2 ||     2
Evoke: Wand              |       |     1 |     4 |     2 |    11 ||    18
       Lightning rod     |       |       |       |       |     4 ||     4
  Use: Scroll            |       |     5 |    10 |     3 |    11 ||    29
       Potion            |       |     2 |     2 |       |     1 ||     5
 Stab: Sleeping          |     9 |    32 |    25 |    33 |    18 ||   117
       Distracted        |       |     2 |     1 |     3 |     4 ||    10
       Paralysed         |       |       |       |    39 |    30 ||    69
Armor: Leather armour    |     5 |    31 |    31 |       |       ||    67
       Troll leather arm |       |       |    17 |   181 |    57 ||   255
Dodge: Dodged            |    21 |   101 |   142 |  1061 |   451 ||  1776
       Rpst.: Demon blade |       |       |       |       |    59 ||    59

Table legend: (Time is in decaauts)
 A = Elapsed time spent in this place.
 B = Non-inter-level travel time spent in this place.
 C = Inter-level travel time spent in this place.
 D = Time resting spent in this place.
 E = Time spent auto-exploring this place.
 F = Levels seen in this place.
 G = Mean time per level.
                   A        B        C        D        E       F      G
               +--------+--------+--------+--------+--------+-----+--------+
         Total |  19059 |  18507 |    552 |   1346 |  13268 |  19 | 1003.1 |
       Dungeon |  13152 |  12745 |    407 |   1067 |   9334 |  11 | 1195.6 |
        Temple |    252 |    239 |     13 |      0 |    239 |   1 |  252.0 |
          Lair |   4724 |   4592 |    132 |     80 |   3688 |   6 |  787.3 |
      Gauntlet |    930 |    930 |      0 |    199 |      6 |   1 |  930.0 |
               +--------+--------+--------+--------+--------+-----+--------+

Top non-repeatable levels by time:
     D:4: 2329 daAuts
     D:5: 1803 daAuts
     D:6: 1467 daAuts
  Lair:2: 1208 daAuts
     D:9: 1158 daAuts
     D:1: 1128 daAuts
    D:10: 1086 daAuts
     D:8: 1010 daAuts
     D:3: 998 daAuts
  Lair:5: 983 daAuts
  Lair:3: 944 daAuts
Gauntlet: 930 daAuts
    D:11: 874 daAuts
  Lair:1: 824 daAuts
     D:2: 708 daAuts
